 Dungeon Crawl Stone Soup version 0.30.1-3-gfc49f6343a (webtiles) character file.

Game seed: 12234871381450913848

126 spardeous the Conjurer (level 4, 0/33 HPs)
             Began as a Demigod Conjurer on Aug 2, 2023.
             Slain by Grinder (1 damage)
             ... on level 4 of the Dungeon.
             The game lasted 00:02:30 (4103 turns).

spardeous the Conjurer (Demigod Conjurer)           Turns: 4103, Time: 00:02:31

Health: 0/33       AC:  2    Str:  8    XL:     4   Next: 54%
Magic:  10/19      EV: 12    Int: 24    God:
Gold:   159        SH:  0    Dex: 12    Spells: 4/8 levels left

rFire   . . .        e - +0 hammer of the Bespelling Gods {freeze, rElec}
rCold   . . .        (no shield)
rNeg    . . .        a - +0 robe
rPois   .            (no helmet)
rElec   +            (no cloak)
rCorr   .            (no gloves)
SInv    .            (no boots)
Will    .....        (no amulet)
Stlth   ++           m - ring of magical power
HPRegen 0.25/turn    j - ring of wizardry
MPRegen 0.16/turn

%: wizardry (x1)
@: no status effects
A: high MP 1, forlorn, divine attributes
a: no special abilities


You were on level 4 of the Dungeon.
You visited 1 branch of the dungeon, and saw 4 of its levels.

You collected 159 gold pieces.

Inventory:

Hand Weapons
 e - the +0 hammer of the Bespelling Gods (weapon) {freeze, rElec}
   (You found it on level 3 of the Dungeon)

   rElec:     It insulates you from electricity.
 i - a +0 war axe
Armour
 a - a +0 robe (worn)
Jewellery
 j - a ring of wizardry (right hand)
 l - a ring of protection from cold
 m - a ring of magical power (left hand)
 n - a ring of protection from fire
 o - a ring of resist corrosion
 v - a ring of positive energy
Wands
 s - a wand of flame (24)
 u - a wand of paralysis (5)
Scrolls
 d - a scroll of poison
 f - a scroll of enchant armour {unknown}
 g - 3 scrolls of vulnerability {unknown}
 h - 5 scrolls of teleportation
 k - a scroll of blinking
 r - a scroll of immolation
 t - a scroll of identify
Potions
 b - 2 potions of magic
 c - a potion of flight {unknown}
 p - a potion of resistance
 q - 2 potions of curing {unknown}


   Skills:
 - Level 1.7 Dodging
 - Level 1.7 Stealth
 + Level 2.7 Spellcasting
 * Level 5.1 Conjurations


You had 4 spell levels left.
You knew the following spells:

 Your Spells              Type           Power      Damage    Failure   Level
a - Magic Dart            Conj           100%       1d8       1%          1
b - Searing Ray           Conj           56%        2d6       1%          2
c - Necrotise             Necr           12%        1d4       4%          1

Your spell library contained the following spells:

 Spells                   Type           Power      Damage    Failure   Level
 Apportation              Tloc           6%         N/A       4%          1
 Sandblast                Erth           6%         2d5       4%          1
 Summon Small Mammal      Summ           12%        N/A       4%          1
 Dazzling Flash           Conj/Hex       30%        N/A       4%          3
 Stone Arrow              Conj/Erth      30%        3d8       4%          3
 Passwall                 Tmut/Erth      2%         N/A       7%          2
 Fulminant Prism          Conj/Hex       7%         3d7       16%         4
 Iskenderun's Mystic Bla  Conj/Tloc      15%        2d5       16%         4


Dungeon Overview and Level Annotations

Branches:
Dungeon (4/15)
 Temple: D:4-7

Shops:
D:1 :   D:2 *

Annotations:
D:3 1 runed translucent door, Crazy Yiuf
D:4 Grinder


Innate Abilities, Weirdness & Mutations

You have an increased reservoir of magic. (+10% MP)
You shall have no god before yourself.
Your divine heritage dramatically boosts your attributes as you level up.


Message History

The searing ray hits Grinder!
Grinder is heavily wounded.
Grinder gestures at you.
You suddenly lose the ability to move!
Grinder hits you! x2
You can move again.
You take 18 damage, and have 15/33 hp.
MASSIVE DAMAGE!!
Grinder misses you.
Your magical contamination has completely faded away.
Grinder misses you.
Casting: Searing Ray (safe; 1% risk of failure)
Confirm with . or Enter, or press ? or * to list all spells.
Aiming: Searing Ray (safe; 1% risk of failure)
Press: ? - help, Shift-Dir - straight line, f/p - Grinder
Aim: Grinder (heavily wounded, 77% to hit)
The searing ray hits Grinder.
Grinder is heavily wounded. (Press . to maintain the ray.) Grinder hits you.
You writhe in agony.
* * * LOW HITPOINT WARNING * * *
You take 6 damage, and have 9/33 hp.
You now have 12/19 mp.
The searing ray hits Grinder.
Grinder is severely wounded.
Grinder barely misses you.
The searing ray misses Grinder.
Grinder hits you.
* * * LOW HITPOINT WARNING * * *
You take 1 damage, and have 8/33 hp.
You now have 11/19 mp.
Casting: Searing Ray (safe; 1% risk of failure)
Confirm with . or Enter, or press ? or * to list all spells.
Restarting spell: Searing Ray (safe; 1% risk of failure)
Press: ? - help, Shift-Dir - straight line, f/p - Grinder
Aim: Grinder (severely wounded, 77% to hit)
Okay, then.
The searing ray hits Grinder!
Grinder is almost dead.
You finish channelling your searing ray.
Grinder hits you!
* * * LOW HITPOINT WARNING * * *
You writhe in agony.
You die...

####..(......~~#..###.# #.....#
...#..).....~~~#..#...# #####.#
####.._....~~~~####.###########=#
## #..♣.(...~~~# #.# #..)..##.#
.###........~~~####.####.###.##.#
...#.........~~#.......†......#.#
.###......(..~~#...#####.#.#..#.#
)####.##########.#.# #.........
.##.#.# #@#.# ######.#.#
†#.#..######## #5#.##########.#.#
..#..........# #.#.........<....#
.##.##.#####.# #.######.#.###.###
...(###.# #.# #.#......#
.#####<## #.# ##...##### #.###.##
#.# ##.## ##.#.## #.. #.# ##.##
#.#


You could see Grinder.

Vanquished Creatures
  Jessica (D:3)
  An adder (D:4)
  A worm (D:2)
  5 dart slugs
  2 orcs (D:3)
  9 endoplasms
  A giant cockroach (D:4)
  6 goblins
  6 hobgoblins
  2 jackals (D:1)
  5 kobolds
  7 quokkas
  10 ball pythons
  4 bats
  5 frilled lizards
  6 rats
71 creatures vanquished.

Notes
Turn   | Place    | Note
-------+----------+-------------------------------------------
     0 | D:1      | spardeous the Demigod Conjurer began the quest for the Orb.
     0 | D:1      | Reached XP level 1. HP: 14/14 MP: 5/5
   372 | D:1      | Reached skill level 4 in Conjurations
   372 | D:1      | Reached XP level 2. HP: 20/20 MP: 4/7
   461 | D:1      | Found Afoinaem's Vocational Training.
  1676 | D:2      | Reached XP level 3. HP: 26/26 MP: 1/9
  1679 | D:2      | Learned a level 2 spell: Searing Ray
  2073 | D:2      | Learned a level 1 spell: Necrotise
  2125 | D:2      | Found Gugrucva's General Store.
  2497 | D:3      | Identified the +0 hammer of the Bespelling Gods {freeze,
                  | rElec}
  2499 | D:3      | Found a runed translucent door.
  2500 | D:3      | Noticed Crazy Yiuf
  2946 | D:3      | Noticed Jessica
  2949 | D:3      | Killed Jessica
  2950 | D:3      | Reached XP level 4. HP: 22/33 MP: 5/10
  3557 | D:4      | Reached skill level 5 in Conjurations
  4089 | D:4      | Noticed Grinder
  4094 | D:4      | Paralysed by Grinder for 4 turns
  4103 | D:4      | HP: 1/33 [Grinder (7)]
  4103 | D:4      | Slain by Grinder

Illustrated notes

Levels and vault maps discovered:
D:1:      beargit_arrival_diablo_church, layout_basic, kennysheep_doodads,
          nicolae_shop_vocational
D:2:      layout_loops_ring, serial_shops, shop_fountains, wad_floor_pattern_1,
          dreamdust_mushroom_princess
D:3:      layout_basic, uniq_crazy_yiuf_cottage, uniq_jessica
D:4:      layout_loops_ring, doesnt_xom_only_xom, nzn_wu_jian_contemplation,
          uniq_grinder

Skill      XL: |  1  2  3  4 |
---------------+-------------+-----
Spellcasting   | 2 |  2.7
Conjurations   | 4 5 |  5.1
Dodging        | |  1.7
Stealth        | |  1.7

Action                     |  1- 3 |  4- 6 || total
---------------------------+-------+-------++-------
  Melee: Unarmed           |     9 |       ||     9
   Cast: Magic Dart        |   101 |    39 ||   140
         Searing Ray       |     1 |     2 ||     3
    Use: Scroll            |       |     5 ||     5
 Armour: Robe              |     5 |       ||     5
  Dodge: Dodged            |    24 |     3 ||    27
